 Dungeon Crawl Stone Soup version 0.31-a0-182-gc5ef74bbde (webtiles) character file.

Game seed: 18008164168476976956

116 Maxmaps the Shooter (level 4, -6/48 HPs)
             Began as a Demonspawn Hexslinger on June 20, 2023.
             Mangled by a kobold
             ... wielding a +0 war axe
              (8 damage)
             ... on level 3 of the Dungeon.
             The game lasted 00:01:42 (1533 turns).

Maxmaps the Shooter (Demonspawn Hexslinger)         Turns: 1533, Time: 00:01:42

Health: -6/48      AC:  8    Str:  8    XL:     4   Next: 69%
Magic:  5/5        EV: 10    Int: 17    God:
Gold:   65         SH:  0    Dex: 15    Spells: 4/5 levels left

rFire   . . .        a - +1 sling
rCold   . . .        (no shield)
rNeg    . . .        p - +0 ring mail
rPois   .            (helmet restricted)
rElec   .            l - +1 cloak
rCorr   .            o - +0 pair of gloves
SInv    .            (no boots)
Will    .....        (no amulet) Stlth
                     (no ring)
HPRegen 0.28/turn    (no ring)
MPRegen 0.09/turn

%: no passive effects
@: brilliant, berserking, very quick
A: antennae 1, ignite blood 1
a: no special abilities


You were on level 3 of the Dungeon.
You visited 1 branch of the dungeon, and saw 3 of its levels.

You collected 65 gold pieces.

Inventory:

Hand Weapons
 a - a +1 sling (weapon)
Missiles
 i - a throwing net
Armour
 c - a +0 robe
 l - a +1 cloak (worn)
 o - a +0 pair of gloves (worn)
 p - a +0 ring mail (worn)
Scrolls
 b - a scroll of poison
 e - 2 scrolls of vulnerability {unknown}
 g - 2 scrolls of teleportation {unknown}
 h - a scroll of immolation {unknown}
 m - 3 scrolls of identify {unknown}
 n - a scroll of enchant armour {unknown}
Potions
 f - a potion of brilliance
 j - a potion of might {unknown}
 k - a potion of degeneration {unknown}


   Skills:
 - Level 1.0 Fighting
 - Level 4.0 Ranged Weapons
 + Level 1.7 Armour
 - Level 1.7 Dodging
 - Level 1.0 Spellcasting
 - Level 3.0 Hexes


You had 4 spell levels left.
You knew the following spells:

 Your Spells              Type           Power      Damage    Failure   Level
a - Slow                  Hex            64%        N/A       19%         1

Your spell library contained the following spells:

 Spells                   Type           Power      Damage    Failure   Level
 Sandblast                Erth           2%         2d4       54%         1
 Blink                    Tloc           2%         N/A       67%         2
 Passwall                 Tmut/Erth      0%         N/A       67%         2
 Sublimation of Blood     Necr           1%         N/A       67%         2
 Wereblood                Tmut           1%         N/A       67%         2
 Inner Flame              Hex/Fire       8%         N/A       71%         3
 Portal Projectile        Hex/Tloc       16%        N/A       71%         3
 Stone Arrow              Conj/Erth      2%         3d7       88%         3
 Cause Fear               Hex            8%         N/A       88%         4
 Manifold Assault         Tloc           1%         N/A       99%         4
 Alistair's Intoxication  Tmut/Pois      0%         N/A       100%        5
 Borgnjor's Vile Clutch   Necr/Erth      0%         N/A       100%        5
 Eringya's Noxious Bog    Tmut/Pois      0%         N/A       100%        6
 Storm Form               Tmut/Air       0%         N/A       100%        7
 Summon Hydra             Summ           0%         N/A       100%        7


Dungeon Overview and Level Annotations

Branches:
Dungeon (3/15)

Altars:


Innate Abilities, Weirdness & Mutations

You have a pair of small antennae on your head.
Your demonic aura sometimes causes spilled blood to erupt in flames.


Message History

The orc hits you but does no damage. The kobold closely misses you.
The orc hits you but does no damage.
Fire: a) +1 sling
Press: ? - help, Shift-Dir - straight line, f/p - orc
Aim: an orc, wielding a +0 dagger and wearing a +0 chain mail (moderately wounded, 67% to hit)
You shoot a sling bullet. The sling bullet hits the orc.
The orc is heavily wounded.
The kobold barely misses you. The orc closely misses you.
Fire: a) +1 sling
Press: ? - help, Shift-Dir - straight line, f/p - orc
Aim: an orc, wielding a +0 dagger and wearing a +0 chain mail (heavily wounded, 67% to hit)
You shoot a sling bullet.
The sling bullet hits the orc but does no damage.
The orc is heavily wounded.
The kobold closely misses you. The orc barely misses you.
The kobold hits you with a +0 war axe.
* * * LOW HITPOINT WARNING * * *
The orc completely misses you.
Fire: a) +1 sling
Press: ? - help, Shift-Dir - straight line, f/p - orc
Aim: an orc, wielding a +0 dagger and wearing a +0 chain mail (heavily wounded, 67% to hit)
You shoot a sling bullet. The sling bullet barely misses the orc.
The kobold barely misses you. The orc hits you with a +0 dagger.
* * * LOW HITPOINT WARNING * * *
It was a potion of brilliance.
You feel clever all of a sudden. The kobold hits you but does no damage.
The orc hits you but does no damage.
Fire: a) +1 sling
Press: ? - help, Shift-Dir - straight line, f/p - orc
Aim: an orc, wielding a +0 dagger and wearing a +0 chain mail (heavily wounded, 67% to hit)
You shoot a sling bullet.
The sling bullet hits the orc but does no damage.
The orc is heavily wounded.
The kobold barely misses you. The orc hits you but does no damage.
The kobold misses you.
It was a potion of berserk rage.
A red film seems to cover your vision as you go berserk!
You feel yourself moving faster!
You feel mighty! The orc hits you but does no damage.
The kobold hits you with a +0 war axe!
You die...

.♣. .. #. ### .# ..
..## ##.# ##.##
.....###..# ##...#
#...Ko#### .....#
###.@)).#
.....########...###).#
............#.###
#..). .(....#####....#
.#.... ......# ###...#
# ..r ......#### #.#.#
.. ........... ....# .
.<........# #.#..
.†............#..#


You could see an orc and a kobold.

Vanquished Creatures
  4 gnolls (D:3)
  An adder (D:2)
  A worm (D:2)
  A dart slug (D:2)
  4 orcs (D:2)
  6 ball pythons
  2 endoplasms (D:1)
  4 giant cockroaches
  7 hobgoblins
  4 jackals (D:2)
  4 kobolds
  2 quokkas (D:1)
  2 bats (D:2)
  5 frilled lizards
  6 goblins
  4 rats (D:1)
57 creatures vanquished.

Notes
Turn   | Place    | Note
-------+----------+-------------------------------------------
     0 | D:1      | Maxmaps the Demonspawn Hexslinger began the quest for the
                  | Orb.
     0 | D:1      | Reached XP level 1. HP: 15/15 MP: 2/2
    20 | D:1      | Reached skill level 2 in Ranged Weapons
    87 | D:1      | Gained mutation: Your demonic aura sometimes causes spilled
                  | blood to erupt in flames. [demonic ancestry]
    87 | D:1      | Reached XP level 2. HP: 21/21 MP: 3/3
   224 | D:1      | Reached skill level 3 in Ranged Weapons
   460 | D:2      | Reached XP level 3. HP: 26/26 MP: 4/4
   515 | D:2      | Found a faded altar of an unknown god.
  1428 | D:2      | Reached skill level 4 in Ranged Weapons
  1428 | D:2      | Gained mutation: You have a pair of small antennae on your
                  | head. [demonic ancestry]
  1428 | D:2      | Reached XP level 4. HP: 32/32 MP: 5/5
  1507 | D:3      | Reached skill level 1 in Armour
  1530 | D:3      | HP: 1/32 [orc/+0 dagger (2)]
  1533 | D:3      | Mangled by a kobold

Illustrated notes

Levels and vault maps discovered:
D:1:      dpeg_arrival_pits, layout_rooms
D:2:      layout_loops_corners, ebering_ecumenical_altar_rust, st_stairs_3
D:3:      layout_rooms, elyvilon_altar_4, nicolae_underground_beach

Skill      XL: |  1  2  3  4 |
---------------+-------------+-----
Ranged Weapons | 2 3 4 |  4.0
Armour         | 1 |  1.7
Fighting       | |  1.0
Dodging        | |  1.7
Spellcasting   | |  1.0
Hexes          | |  3.0

Action                     |  1- 3 |  4- 6 || total
---------------------------+-------+-------++-------
   Fire: Sling             |   165 |    39 ||   204
    Use: Potion            |       |     2 ||     2
 Armour: Robe              |    31 |     1 ||    32
         Ring mail         |       |    12 ||    12
  Dodge: Dodged            |    65 |    23 ||    88

Table legend: (Time is in decaauts)
 A = Elapsed time spent in this place.
 B = Non-inter-level travel time spent in this place.
 C = Inter-level travel time spent in this place.
 D = Time resting spent in this place.
 E = Time spent auto-exploring this place.
 F = Levels seen in this place.
 G = Mean time per level.
                   A        B        C        D        E       F      G
               +--------+--------+--------+--------+--------+-----+--------+
         Total |   1587 |   1520 |     67 |     35 |   1121 |   3 |  529.0 |
       Dungeon |   1587 |   1520 |     67 |     35 |   1121 |   3 |  529.0 |
               +--------+--------+--------+--------+--------+-----+--------+

Top non-repeatable levels by time:
     D:2: 1081 daAuts
     D:1: 425 daAuts
     D:3: 81 daAuts
